 Dungeon Crawl Stone Soup version 0.22-a0-609-gfedc9ff (webtiles) character file.

14 Amnesiac the Magician (level 2, 0/15 HPs)
             Began as a Deep Elf Wizard on July 10, 2018.
             Succumbed to an adder's poison
             ... on level 4 of the Dungeon.
             The game lasted 00:00:38 (134 turns).

Amnesiac the Magician (Deep Elf Wizard)              Turns: 134, Time: 00:00:39

Health: 0/15       AC:  2    Str:  4    XL:     2   Next: 31%
Magic:  3/10       EV: 13    Int: 22    God:
Gold:   0          SH:  0    Dex: 13    Spells: 10/11 levels left

rFire    . . .     SeeInvis .   (no weapon)
rCold    . . .     Gourm    .   (no shield)
rNeg     . . .     Faith    .   a - +0 robe
rPois    .         Spirit   .   (no helmet)
rElec    .         Reflect  .   (no cloak)
rCorr    .         Harm     .   (no gloves)
MR       .....                  (no boots)
Stlth    ++........             (no amulet)
HPRegen  0.05/turn              (no ring)
MPRegen  0.12/turn              (no ring)

@: lethally poisoned (0 -> -1)
A: no striking features
a: no special abilities


You were on level 4 of the Dungeon.
You were not hungry.

You visited 1 branch of the dungeon, and saw 4 of its levels.

Inventory:

Armour
 a - a +0 robe (worn)
Scrolls
 c - a scroll of identify {!r}
Comestibles
 b - 9 chunks of flesh
 d - a ration


   Skills:
 - Level 2.4 Dodging
 - Level 2.4 Stealth
 + Level 5.4 Spellcasting
 - Level 1.1 Conjurations
   Level 1.1 Summonings
   Level 1.1 Translocations


You had 10 spell levels left.
You knew the following spells:

 Your Spells              Type           Power        Failure   Level  Hunger
a - Magic Dart            Conj           ##..         6%          1    None

Your spell library contained the following spells:

 Spells                   Type           Power        Failure   Level  Hunger
 Conjure Flame            Conj/Fire      #.......     24%         3    ##.....
 Slow                     Hex            #.......     14%         2    None
 Mephitic Cloud           Conj/Pois/Air  #.......     26%         3    ##.....
 Blink                    Tloc           N/A          10%         2    None
 Call Imp                 Summ           ##......     10%         2    None


Dungeon Overview and Level Annotations

Branches:
Dungeon (5/15)
 Temple: D:4-7

Altars:
Hepliaklqana


Message History

Confirm with . or Enter, or press ? or * to list all spells.
Aiming: Magic Dart (safe; 7% risk of failure)
Press: ? - help, Shift-Dir - straight line, f/p - adder
Aim: an adder (almost dead)
The magic dart hits the adder.
You kill the adder!
Your Spellcasting skill increases to level 5!
You have reached level 2!
Really read
c - 2 scrolls labeled COFEJAY BIOCK {!r}?
As you read the scroll labeled COFEJAY BIOCK {!r}, it crumbles to dust.
It is a scroll of identify.
You don't have any unidentified items.
The adder bites you.
You aren't carrying any potions.
You see here an adder corpse.
The adder bites you.
* * * LOW HITPOINT WARNING * * *
You see here a goblin corpse.
Casting: Magic Dart (safe; 6% risk of failure)
Confirm with . or Enter, or press ? or * to list all spells.
Aiming: Magic Dart (safe; 6% risk of failure)
Press: ? - help, Shift-Dir - straight line, f - adder
Aim: an adder The magic dart hits the adder.
The adder is moderately wounded.
The adder closely misses you.
Casting: Magic Dart (safe; 6% risk of failure)
Confirm with . or Enter, or press ? or * to list all spells.
You don't have enough magic to cast that spell.
Casting: Magic Dart (safe; 6% risk of failure)
Confirm with . or Enter, or press ? or * to list all spells.
You don't have enough magic to cast that spell.
The adder barely misses you.
Found a stone staircase leading down.
The adder bites you.
* * * LOW HITPOINT WARNING * * *
You are lethally poisoned!
The adder poisons you!
A kobold comes into view. It is wielding a whip.
* * * LOW HITPOINT WARNING * * *
You feel sick.
* * * LOW HITPOINT WARNING * * *
You feel sick. The adder closely misses you.
* * * LOW HITPOINT WARNING * * *
You feel sick.
There is a shaft here.
You fall through a shaft for 2 floors!
The shaft crumbles and collapses.
A worm comes into view.
Found a small iron ring.
Found a stone staircase leading down.
* * * LOW HITPOINT WARNING * * *
You feel sick.
* * * LOW HITPOINT WARNING * * *
You feel sick.
There is a stone staircase leading down here.
You climb downwards. 3 jackals and a crimson imp come into view.
The crimson imp shouts!
The jackal barks! x2; You hear a bark!
The jackal barks!
Found a ration.
Found a stone staircase leading down.
There is a stone staircase leading up here.
The crimson imp hits you but does no damage.
You climb upwards.
You die...

......##...#...
###...........
#####...##.##
............##.#
#............#
#.........####
#....w....#
#5........#
#@#########
#...# #..###
...# ..... ....
... ...


You could see a worm and a crimson imp.

Vanquished Creatures
  An adder (D:2)
  2 hobgoblins
  A quokka (D:2)
  A goblin (D:2)
5 creatures vanquished.

Notes
Turn   | Place    | Note
-------+----------+-------------------------------------------
     0 | D:1      | Amnesiac the Deep Elf Wizard began the quest for the Orb.
     0 | D:1      | Reached XP level 1. HP: 10/10 MP: 7/7
    56 | D:2      | Found a hazy altar of Hepliaklqana.
   105 | D:2      | Reached skill level 5 in Spellcasting
   105 | D:2      | Reached XP level 2. HP: 12/15 MP: 0/10
   122 | D:2      | You fall through a shaft for 2 floors!
   132 | D:5      | Entered Level 5 of the Dungeon
   132 | D:5      | Noticed a crimson imp
   134 | D:4      | Succumbed to an adder's poison

Vault maps used:
D:1:      dpeg_arrival_simpleton_b, minmay_misc_feat_diagonals
D:2:      lemuel_doored_altar, okawaru_ov_weapons_minmay,
          evilmike_ruin_ashenzari
D:4:      first_ration
D:5:      old_standard_altar, hangedman_decor_opposing

Skill      XL: |  1 |
---------------+----+-----
Spellcasting   | 5 |  5.4
Dodging        | |  2.4
Stealth        | |  2.4
Conjurations   | |  1.1
Summonings     | |  1.1
Translocations | |  1.1

Action                   || total
-------------------------++-------
 Cast: Magic Dart        ||    17
  Use: Scroll            ||     1
Armor: Robe              ||     1
Dodge: Dodged            ||     6

Table legend:
 A = Spawn XP
 B = Non-spawn XP
 C = Spawn XP percentage of total XP
 D = Spawn monster count
 E = Non-spawn monster count
 F = Spawn count percentage of total count
 G = Total turns spent on level
                    A         B        C        D         E        F      G
               +---------+---------+-------+---------+---------+-------+---------
         Total |       0 |      21 |   0.0 |       0 |       5 |   0.0 |   134
               +---------+---------+-------+---------+---------+-------+---------
           D:1 |       0 |       2 |   0.0 |       0 |       1 |   0.0 |    33
           D:2 |       0 |      19 |   0.0 |       0 |       4 |   0.0 |    89
               +---------+---------+-------+---------+---------+-------+---------
